 Dungeon Crawl Stone Soup version 0.23-a0-487-gc6253629db (webtiles) character file.

168 Kriby the Digger (level 5, -4/31 HPs)
             Began as an Octopode Earth Elementalist on Dec 1, 2018.
             Slain by a worker ant (5 damage)
             ... on level 4 of the Dungeon.
             The game lasted 00:04:37 (4104 turns).

Kriby the Digger (Octopode Earth Elementalist)      Turns: 4104, Time: 00:04:37

Health: -4/31      AC:  1    Str:  7    XL:     5   Next: 48%
Magic:  1/9        EV: 13    Int: 19    God:
Gold:   160        SH:  0    Dex: 12    Spells: 6/10 levels left

rFire    . . .     SeeInvis .   g - +0 dagger
rCold    . . .     Gourm    .   (no shield)
rNeg     . . .     Faith    .   (helmet restricted)
rPois    .         Spirit   .   (no amulet)
rElec    .         Reflect  .   (no ring)
rCorr    .         Harm     .   (no ring)
MR       .....                  (no ring)
Stlth    +++.......             (no ring)
HPRegen  0.10/turn              (no ring)
MPRegen  0.11/turn              (no ring)
                                (no ring)
                                (no ring)

@: lethally poisoned (-4 -> -11), flying, very slightly contaminated
A: almost no armour, stealthy swim, amphibious, 8 rings, constrict 8, camouflage
1, gelatinous body 1
a: no special abilities


You were on level 4 of the Dungeon.
You were hungry.

You visited 1 branch of the dungeon, and saw 4 of its levels.

You collected 160 gold pieces.

Inventory:

Hand Weapons
 b - a +0 hunting sling
 g - a +0 dagger (weapon)
Wands
 o - a wand of paralysis (4)
 p - a wand of acid (6) {@v2}
Scrolls
 d - 2 scrolls of remove curse {unknown}
 f - 4 scrolls of fear {unknown}
 i - 4 scrolls of identify {unknown}
 k - a scroll of enchant armour {unknown}
 m - a scroll of fog {unknown}
 n - a scroll of enchant weapon {unknown}
Potions
 a - 3 potions of curing {unknown}
 h - 2 potions of agility {unknown}
 j - 2 potions of heal wounds {unknown}
 l - 2 potions of magic {unknown}
Comestibles
 c - 9 rations {@e1}
 q - 5 chunks of flesh


   Skills:
 - Level 2.0 Dodging
 - Level 2.7 Stealth
 + Level 3.2 Spellcasting
   Level 1.0 Transmutations
 * Level 5.2 Earth Magic


You had 6 spell levels left.
You knew the following spells:

 Your Spells              Type           Power        Failure   Level  Hunger
a - Sandblast             Erth           ###...       1%          1    None
d - Stone Arrow           Conj/Erth      ##....       16%         3    ###....

Your spell library contained the following spells:

 Spells                   Type           Power        Failure   Level  Hunger
 Passwall                 Tmut/Erth      ##......     6%          2    ##.....
 Petrify                  Tmut/Erth      ##......     38%         4    ####...
 Lee's Rapid Deconstruct  Erth           ###.......   43%         5    ######.


Dungeon Overview and Level Annotations

Branches:
Dungeon (4/15)
 Temple: D:4-7

Altars:
Ashenzari
Gozag
Okawaru
Ru
Trog
Yredelemnul
The Shining One


Innate Abilities, Weirdness & Mutations

You cannot wear most types of armour.
You are very stealthy in the water. (Stealth+)
You are amphibious.
You can wear up to eight rings at the same time.
You can use your tentacles to constrict eight enemies at once.
Your skin changes colour to match your surroundings (Stealth+).
Your rubbery body absorbs attacks. (AC +1, EV +1)


Message History

Aim: a worker ant (lightly wounded)
You miscast Stone Arrow.
Wisps of smoke drift from your tentacles.
The worker ant closely misses you. The worker ant barely misses you.
The worker ant bites you.
* * * LOW HITPOINT WARNING * * *
You are lethally poisoned!
The worker ant poisons you!
* * * LOW HITPOINT WARNING * * *
You feel sick.
There is an open door here.
* * * LOW HITPOINT WARNING * * *
You feel sick.
It was a potion of flight.
You feel very buoyant.
You fly up into the air.
* * * LOW HITPOINT WARNING * * *
You feel sick. The worker ant bites you.
You die...

#######
#.....###########
#.....##.........
##.....##.########
#......a....# ..
#.....@##.#.# #.#
####.#.....#.#.# #.#
#........#.#.#+####.#
#.......<#.#.÷...##.#
#........#.#..÷..##.#
####'#...#.#...÷.##.###
#.#####.#.#........#
#.#.. .#.######.#.###.
#.#.# #.# #.......


You could see a worker ant.

Vanquished Creatures
  Jessica (D:2)
  A worker ant (D:4)
  4 adders
  2 worms (D:2)
  4 dart slugs
  2 leopard geckos
  3 giant cockroaches
  7 goblins
  8 hobgoblins
  14 jackals
  4 bats
  4 frilled lizards
  4 kobolds
  6 rats
64 creatures vanquished.

Notes
Turn   | Place    | Note
-------+----------+-------------------------------------------
     0 | D:1      | Kriby the Octopode Earth Elementalist began the quest for
                  | the Orb.
     0 | D:1      | Reached XP level 1. HP: 11/11 MP: 3/3
   359 | D:1      | Reached XP level 2. HP: 17/17 MP: 0/5
   758 | D:1      | Reached XP level 3. HP: 21/21 MP: 2/6
  1374 | D:2      | Reached skill level 4 in Earth Magic
  1459 | D:2      | Learned a level 3 spell: Stone Arrow
  1464 | D:2      | Reached XP level 4. HP: 27/27 MP: 0/8
  1465 | D:2      | Noticed Jessica
  1716 | D:2      | Killed Jessica
  1951 | D:2      | Found a sacrificial altar of Ru.
  1951 | D:2      | Found an opulent altar of Gozag.
  1951 | D:2      | Found a bloodstained altar of Trog.
  1951 | D:2      | Found an iron altar of Okawaru.
  1957 | D:2      | Found a shattered altar of Ashenzari.
  1957 | D:2      | Found a glowing golden altar of the Shining One.
  2635 | D:3      | Reached XP level 5. HP: 26/31 MP: 5/9
  3338 | D:3      | Reached skill level 5 in Earth Magic
  3536 | D:3      | Found a basalt altar of Yredelemnul.
  4104 | D:4      | HP: 1/31 [poisoned by a worker ant]
  4104 | D:4      | Slain by a worker ant

Vault maps used:
D:1:      lightli_arrival_noodles, chequers_avenue, feat_on_display
D:2:      minmay_overflow_temple_hex, first_ration, minmay_tetromino_t2,
          uniq_jessica
D:3:      lemuel_crystal_altar
D:4:      serial_shops, shop_fountains, minmay_misc_feat_nine_boxes,
          hangedman_decor_diamond_cutter

Skill      XL: |  1  2  3  4  5 |
---------------+----------------+-----
Earth Magic    | 4 5 |  5.2
Spellcasting   | 3 |  3.2
Dodging        | |  2.0
Stealth        | |  2.7
Transmutations | |  1.0

Action                   |  1- 3 |  4- 6 || total
-------------------------+-------+-------++-------
Melee: Unarmed           |     6 |       ||     6
       Tentacles         |     6 |     9 ||    15
       Constrict         |     5 |    12 ||    17
       Dagger            |     5 |    48 ||    53
 Cast: Sandblast         |    30 |       ||    30
       Stone Arrow       |     1 |    28 ||    29
  Use: Potion            |       |     1 ||     1
 Stab: Sleeping          |     2 |     2 ||     4
  Eat: Chunk             |     2 |     7 ||     9
       Ration            |       |     1 ||     1
Armor: Skin              |       |     3 ||     3
Dodge: Dodged            |    10 |    35 ||    45

Table legend:
 A = Non-vault XP
 B = Vault XP
 C = Vault XP percentage of total XP
 D = Non-vault monster count
 E = Vault monster count
 F = Vault count percentage of total count
                 A         B        C        D         E       F
            +---------+---------+-------+---------+---------+-------
      Total |     198 |      42 |  17.5 |      62 |       2 |   3.1
            +---------+---------+-------+---------+---------+-------
        D:1 |      53 |       0 |   0.0 |      27 |       0 |   0.0
        D:2 |      67 |      42 |  38.5 |      16 |       2 |  11.1
        D:3 |      38 |       0 |   0.0 |      15 |       0 |   0.0
        D:4 |      40 |       0 |   0.0 |       4 |       0 |   0.0
            +---------+---------+-------+---------+---------+-------
